 Dungeon Crawl Stone Soup version 0.29-a0-378-gc08b2e8bf8 (webtiles) character file.

Game seed: 3352917065989499406

100 zishaf the Sneak (level 4, -1/23 HPs)
             Began as a Vine Stalker Brigand on May 4, 2022.
             Killed by divine providence
             ... invoked by an orc priest
              (15 damage)
             ... on level 3 of the Dungeon.
             The game lasted 00:02:51 (2198 turns).

zishaf the Sneak (Vine Stalker Brigand)             Turns: 2198, Time: 00:02:52

Health: -1/23      AC:  6    Str: 14    XL:     4   Next: 73%
Magic:  0/5        EV: 10    Int: 11    God:
Gold:   102        SH:  0    Dex: 17    Spells: 3/3 levels left

rFire   . . .      SeeInvis .   a - +2 dagger
rCold   . . .      Faith    .   (no shield)
rNeg    . . .      Spirit   +   h - +0 ring mail
rPois   .          Reflect  .   (no helmet)
rElec   .          Harm     .   c - +0 cloak
rCorr   +          Rampage  .   (no gloves)
Will    .....                   (no boots)
Stlth   +++.......              t - amulet of regeneration
HPRegen 1.67/turn               m - ring of resist corrosion
MPRegen 0.09/turn               (no ring)

@: no status effects
A: fangs 2, regeneration 1, magic shield, antimagic bite, no potion heal 2
a: no special abilities


You were on level 3 of the Dungeon.
You visited 1 branch of the dungeon, and saw 3 of its levels.

You collected 102 gold pieces.

Inventory:

Hand Weapons
 a - a +2 dagger (weapon)
 b - a +0 hunting sling
Missiles
 d - 9 poisoned darts (quivered)
 e - 7 curare-tipped darts
Armour
 c - a +0 cloak (worn)
 h - a +0 ring mail (worn)
 o - a +0 robe
Jewellery
 m - a ring of resist corrosion (left hand)
 t - an amulet of regeneration (around neck)
Wands
 s - a wand of polymorph (6)
Scrolls
 f - a scroll of enchant weapon {unknown}
 j - 2 scrolls of magic mapping {unknown}
 k - a scroll of teleportation {unknown}
 n - 4 scrolls of identify {unknown}
 q - 3 scrolls of amnesia {unknown}
 r - a scroll of immolation {unknown}
Potions
 g - a potion of mutation {unknown}
 i - a potion of lignification {unknown}
 l - a potion of might {unknown}
 p - a potion of resistance {unknown}
 u - a potion of brilliance {unknown}


   Skills:
 + Level 2.6 Fighting
 + Level 2.6 Short Blades
 + Level 2.6 Throwing
 - Level 0.7 Dodging
 + Level 5.6 Stealth


You had 3 spell levels left.
You didn't know any spells.
Your spell library contained the following spells:

 Spells                   Type           Power      Damage    Failure   Level
 Animate Skeleton         Necr           0%         N/A       58%         1
 Pain                     Necr           0%         1d4       58%         1
 Sandblast                Erth           0%         2d4       58%         1
 Blink                    Tloc           0%         N/A       73%         2
 Passwall                 Tmut/Erth      0%         N/A       73%         2
 Stone Arrow              Conj/Erth      0%         3d7       91%         3
 Vampiric Draining        Necr           0%         2d6       91%         3
 Animate Armour           Summ/Erth      0%         N/A       100%        4
 Sticky Flame             Conj/Fire      0%         2d3       100%        4
 Manifold Assault         Tloc           0%         N/A       100%        5
 Storm Form               Tmut/Air       0%         N/A       100%        7
 Fire Storm               Conj/Fire      0%         5d1       100%        9


Dungeon Overview and Level Annotations

Branches:
Dungeon (3/15)

Altars:


Innate Abilities, Weirdness & Mutations

You have extremely sharp teeth.
Your natural rate of healing is unusually fast.
When hurt, damage is shared between your health and your magic reserves.
Your bite disrupts and absorbs the magic of your enemies.
Potions cannot restore your health.


Message History

You bite the ball python.
You kill the ball python!
An endoplasm comes into view.
The orc priest calls down the wrath of Beogh upon you.
Beogh smites you! The quokka barely misses you.
Things that are here:
a +0 short sword; a ball python corpse; an orc corpse The quokka attacks as you move away!
The quokka barely misses you.
The orc wizard points at you and mumbles some strange words.
The magic dart hits you.
You completely miss the quokka. The quokka closely misses you.
You hit the quokka but do no damage.
The orc wizard gestures wildly while chanting.
The orc wizard flickers and vanishes!
Deactivating autopickup; reactivate with Ctrl-A.
The quokka barely misses you.
You hit the quokka but do no damage. Your bite misses the quokka.
The quokka bites you but does no damage.
You hit the quokka.
The quokka is heavily wounded.
The quokka closely misses you.
You hit the quokka. You punch the quokka.
You kill the quokka!
You hear some strange, mumbled words.
Something tries to affect you, but you resist.
The orc priest hits you but does no damage.
Something hits you but does no damage.
Items here: ) †††.
You hit the orc priest but do no damage.
Your bite misses the orc priest. Something hits you but does no damage.
The orc priest mumbles some strange prayers to Beogh against you.
Pain shoots through your body!
You hit the orc priest but do no damage.
Something hits you. The orc priest barely misses you.
You closely miss the orc priest. Your bite misses the orc priest.
Something hits you.
The orc priest mumbles some strange prayers to Beogh against you.
Beogh smites you!
Ouch! That really hurt!
You die...

.....##........................#†
.##......##..............^##....†
.#####...#######...#......#...#..
.# #...#.# #.........##...#.. ##
##.#.## #...####.###.###.# #..##
#...# #.........# ######.## #...#
#####...### .......# ######.##
###.... ######## #....@{.# ###.#
# .....####o.###### #.. # ###
#.........# ### #.#..####.# #
......# # ......... ...........
#.#......... #.#.##.......


You could see an orc priest.

Vanquished Creatures
  An orc priest (D:2)
  2 adders (D:3)
  2 dart slugs
  An orc (D:3)
  3 ball pythons
  6 endoplasms
  4 giant cockroaches
  2 goblins (D:1)
  7 hobgoblins
  A jackal (D:3)
  A kobold (D:3)
  2 quokkas
  A bat (D:2)
  10 frilled lizards
  3 rats
46 creatures vanquished.

Notes
Turn   | Place    | Note
-------+----------+-------------------------------------------
     0 | D:1      | zishaf the Vine Stalker Brigand began the quest for the
                  | Orb.
     0 | D:1      | Reached XP level 1. HP: 11/11 MP: 2/2
   173 | D:1      | Reached skill level 5 in Stealth
   218 | D:1      | Reached XP level 2. HP: 15/15 MP: 3/3
   717 | D:1      | Got Miadeb's Collected Works on Excruciating Stones
   899 | D:2      | Reached XP level 3. HP: 11/18 MP: 4/4
  2069 | D:3      | Gained mutation: Your natural rate of healing is unusually
                  | fast. [Vine Stalker growth]
  2069 | D:3      | Reached XP level 4. HP: 23/23 MP: 5/5
  2198 | D:3      | Killed from afar by an orc priest

Illustrated notes

Levels and vault maps discovered:
D:1:      lightli_molten_gateway, layout_loops_corners, st_stairs_6,
          kennysheep_boxes
D:2:      layout_basic, minmay_lizard_pond
D:3:      layout_loops_cross, nicolae_overflow_crystal_walls,
          hangedman_abyss_or_decor_stabs, minmay_misc_feat_five

Skill      XL: |  1  2 |
---------------+-------+-----
Stealth        | 5 |  5.6
Fighting       | 2 |  2.6
Short Blades   | 2 |  2.6
Throwing       | 2 |  2.6
Dodging        | |  0.7

Action                   |  1- 3 |  4- 6 || total
-------------------------+-------+-------++-------
Melee: Dagger            |    88 |    23 ||   111
       Bite              |    20 |     4 ||    24
       Punch             |     1 |     1 ||     2
 Stab: Sleeping          |    12 |     1 ||    13
Armor: Robe              |     1 |       ||     1
       Ring mail         |    21 |     6 ||    27
Dodge: Dodged            |    36 |    12 ||    48

Table legend: (Time is in decaauts)
 A = Elapsed time spent in this place.
 B = Non-inter-level travel time spent in this place.
 C = Inter-level travel time spent in this place.
 D = Time resting spent in this place.
 E = Time spent auto-exploring this place.
 F = Levels seen in this place.
 G = Mean time per level.
                   A        B        C        D        E       F      G
               +--------+--------+--------+--------+--------+-----+--------+
         Total |   2217 |   2113 |    104 |     38 |   1732 |   3 |  739.0 |
       Dungeon |   2217 |   2113 |    104 |     38 |   1732 |   3 |  739.0 |
               +--------+--------+--------+--------+--------+-----+--------+

Top non-repeatable levels by time:
     D:2: 1053 daAuts
     D:1: 892 daAuts
     D:3: 271 daAuts
